Map: Acropolis LE

Players

Lambo - Winner!

  • Race: Zerg Zerg
  • Spawn Location: 11:00

Cham

  • Race: Zerg Zerg
  • League: Master
  • Spawn Location: 5:00

Event: NationWars 2019

VOD

Have the link to the VOD?

Description

Time

  • Played on: Nov. 13, 2019, 11:27 a.m.
  • Length: 7:44
Show
View Real Time Build Order
Export as new Build Order

Lambo Zerg - Winner!

Build Orders: Hatch First 

Get SALT Encoding   

  12  0:00  Drone  
  13  0:12  Overlord  
  13  0:17  Drone  
  14  0:30  Drone x2  
  16  0:47  Hatchery  
  15  0:51  Drone  
  15  0:54  Drone  
  17  0:57  Drone  
  18  1:08  Extractor  
  17  1:13  Spawning Pool  
  17  1:16  Drone  
  17  1:19  Drone  
  18  1:27  Drone  
  19  1:39  Drone  
  20  1:49  Drone  
  21  1:59  Queen x2  
  21  2:00  Zergling x2, Overlord  
  26  2:08  Metabolic Boost  
  26  2:10  Drone x2  
  28  2:21  Drone  
  28  2:22  Drone  
  30  2:32  Hatchery  
  30  2:35  Drone  
  30  2:38  Drone  
  30  2:43  Drone  
  32  2:45  Baneling Nest  
  32  2:50  Overlord  
  31  2:55  Zergling x2  
  31  2:57  Drone  
  33  3:04  Drone  
  34  3:07  Drone x2  
  34  3:11  Drone  
  34  3:12  Zergling x4  
  39  3:13  Queen  
  39  3:19  Evolution Chamber  
  40  3:22  Overlord  
  40  3:24  Drone  
  40  3:25  Drone  
  41  3:28  Drone  
  41  3:29  Drone  
  43  3:38  Baneling, Overlord  
  43  3:39  Drone  
  44  3:42  Drone x3  
  44  3:46  Zerg Missile Weapons Level 1  
  44  3:48  Drone  
  48  3:49  Drone  
  48  3:51  Drone  
  50  3:56  Drone  
  50  3:58  Drone x2  
  50  3:59  Drone  
  50  4:00  Drone  
  55  4:07  Roach Warren  
  55  4:08  Overlord  
  54  4:10  Drone x2  
  54  4:12  Drone  
  54  4:16  Extractor  
  55  4:18  Extractor  
  55  4:23  Zergling x10  
  59  4:24  Queen  
  59  4:26  Baneling  
  59  4:27  Baneling  
  59  4:30  Overlord  
  61  4:33  Drone x2  
  61  4:34  Overlord  
  63  4:42  Baneling x3  
  63  4:46  Roach x4  
  63  4:47  Zergling x4  
  63  4:49  Baneling  
  72  4:53  Roach  
  72  4:56  Zergling x4, Roach  
  72  4:58  Zergling x2  
  72  4:59  Zergling x2  
  78  5:00  Zergling x2, Roach  
  78  5:06  Zergling x4, Roach  
  77  5:13  Roach x2  
  78  5:23  Roach x3  
  78  5:28  Roach  
  86  5:32  Roach  
  86  5:33  Overlord  
  86  5:34  Baneling  
  86  5:35  Overlord  
  88  5:40  Overlord  
  88  5:42  Overlord  
  88  5:45  Overlord  
  88  5:46  Overlord  
  88  5:51  Baneling  
  88  5:53  Roach x5  
  98  5:58  Zergling x8  
  98  6:03  Zergling x6  
  105  6:06  Zergling x2  
  105  6:09  Baneling x5  
  105  6:10  Zergling x2  
  107  6:13  Zergling x4  
  107  6:16  Zergling x4  
  107  6:18  Baneling x3  
  111  6:20  Zergling x2  
  111  6:25  Zergling x6  
  115  6:30  Zergling x2  
  115  6:31  Zergling x6  
  117  6:33  Zergling x2  
  117  6:37  Zergling x2  
  111  6:40  Zergling x2  
  111  6:43  Zergling x8  
  111  6:45  Ravager  
  111  6:47  Zergling x4  
  115  6:50  Zergling x2  
  115  6:51  Zergling x4  
  115  6:52  Ravager  
  115  6:53  Zergling x2  
  116  6:54  Ravager  
  116  6:57  Roach  
  112  7:02  Roach x2  
  113  7:08  Roach x2  
  113  7:12  Roach  
  113  7:14  Roach x2  
  113  7:15  Zergling x4  
  119  7:19  Zergling x4  
  117  7:23  Zergling x6  
  117  7:26  Zergling x4  
Show
View Real Time Build Order
Export as new Build Order

Cham Zerg 

Build Orders: Hatch First 

Get SALT Encoding   

  12  0:00  Drone  
  13  0:08  Drone  
  14  0:16  Overlord  
  14  0:34  Drone x2  
  16  0:47  Hatchery  
  15  0:51  Drone  
  15  0:54  Drone  
  17  0:58  Drone  
  18  1:08  Extractor  
  17  1:12  Spawning Pool  
  17  1:16  Drone  
  17  1:19  Drone  
  18  1:28  Drone  
  19  1:39  Drone  
  20  1:50  Drone  
  21  1:59  Queen x2  
  25  2:01  Drone, Overlord  
  26  2:09  Metabolic Boost  
  26  2:12  Drone  
  26  2:13  Drone  
  28  2:21  Drone  
  29  2:23  Drone  
  30  2:31  Hatchery  
  29  2:38  Zergling x4  
  29  2:43  Baneling Nest  
  30  2:46  Overlord  
  30  2:53  Drone, Evolution Chamber  
  30  2:58  Drone  
  31  3:02  Drone  
  32  3:06  Zergling x4  
  32  3:10  Drone x3  
  37  3:14  Drone  
  38  3:20  Zerg Melee Weapons Level 1  
  38  3:24  Drone x3  
  41  3:33  Drone x2  
  43  3:37  Drone  
  43  3:39  Overlord  
  44  3:42  Queen  
  44  3:46  Drone x2  
  44  3:47  Drone  
  49  3:49  Overlord  
  49  3:52  Drone  
  50  3:59  Drone x3  
  50  4:00  Zergling x4  
  50  4:02  Zergling x2  
  55  4:07  Roach Warren  
  54  4:12  Zergling x2  
  54  4:13  Zergling x6  
  54  4:14  Zergling x2  
  54  4:15  Zergling x2  
  60  4:22  Zergling x2, Overlord  
  61  4:24  Zergling x2  
  61  4:26  Zergling x2  
  61  4:28  Zergling x4  
  61  4:31  Overlord  
  65  4:34  Baneling x7  
  65  4:40  Overlord  
  65  4:41  Zergling x4  
  65  4:42  Extractor x2  
  65  4:45  Zergling x2  
  66  4:47  Zergling x4  
  61  5:02  Zergling x8  
  61  5:03  Zergling x6  
  60  5:07  Drone x2  
  60  5:08  Drone  
  60  5:09  Lair  
  60  5:10  Drone x2  
  60  5:11  Drone  
  64  5:16  Drone  
  64  5:17  Drone  
  64  5:19  Drone  
  67  5:26  Drone x3  
  67  5:28  Zerg Missile Weapons Level 1  
  69  5:29  Drone, Overlord  
  69  5:32  Extractor  
  69  5:33  Drone  
  70  5:38  Drone x2  
  70  5:39  Overlord  
  70  5:41  Drone, Overlord  
  72  5:43  Drone x3  
  72  5:45  Drone  
  72  5:48  Extractor x2  
  74  5:50  Overlord  
  74  5:52  Drone  
  74  5:53  Drone  
  77  5:57  Drone x3  
  77  6:02  Drone  
  77  6:03  Roach  
  82  6:06  Spine Crawler x2  
  82  6:07  Spine Crawler, Roach  
  82  6:11  Spine Crawler, Roach  
  83  6:12  Baneling x3  
  83  6:14  Roach x2  
  83  6:15  Roach  
  83  6:17  Roach  
  90  6:19  Roach  
  90  6:20  Roach  
  90  6:22  Roach  
  90  6:23  Roach  
  98  6:30  Roach x2  
  98  6:32  Roach x3  
  104  6:34  Roach  
  104  6:38  Roach  
  95  6:40  Roach x2  
  95  6:42  Roach  
  95  6:45  Roach  
  97  6:48  Roach  
  97  6:51  Roach x2  
  101  6:56  Roach x2  
  101  6:58  Roach  
  101  6:59  Roach  
  94  7:03  Roach x2  
  86  7:11  Roach  
  80  7:16  Roach  
  80  7:17  Roach  
  80  7:21  Roach  
Tags
 
Add a new tag
Caveats
  • Supply blocks, unpowered buildings, or Contaminate may cause inaccurate times.
  • Supply counts are checked every 10 seconds.